 Dungeon Crawl Stone Soup version 0.31.0-12-g77e489cdc1 (webtiles) character file.

Game seed: 7264012258098267450

354 Gadfly the Trooper (level 6, -4/66 HPs)
             Began as an Oni Berserker on Feb 21, 2024.
             Was a Believer of Trog.
             Slain by a yak (11 damage)
             ... on level 4 of the Dungeon.
             The game lasted 00:05:20 (3238 turns).

Gadfly the Trooper (Oni Berserker)                  Turns: 3238, Time: 00:05:20

Health: -4/66      AC:  3    Str: 22    XL:     6   Next: 63%
Magic:  6/6        EV: 10    Int:  8    God:    Trog [**....]
Gold:   157        SH:  0    Dex: 10    Spells: 5/5 levels left

rFire   . . .        a - +1 mace
rCold   . . .        (no shield)
rNeg    . . .        b - +0 animal skin
rPois   +            (helmet restricted)
rElec   .            (no cloak)
rCorr   .            (gloves unavailable)
SInv    .            (boots unavailable)
Will    .....        (no amulet)
Stlth   +            j - ring of flight
HPRegen 0.31/turn    l - ring of poison resistance
MPRegen 0.10/turn

%: no passive effects
@: flying
A: large, unfitting armour, horns 1, tough skin 1, double potion healing,
drunken brawling
a: Renounce Religion, Berserk, Trog's Hand


You were on level 4 of the Dungeon.
You worshipped Trog.
Trog was pleased with you.
You visited 1 branch of the dungeon, and saw 4 of its levels.

You collected 157 gold pieces.

Inventory:

Hand Weapons
 a - a +1 mace (weapon)
Armour
 b - a +0 animal skin (worn)
Jewellery
 h - a ring of protection from fire
 j - a ring of flight (left hand)
 l - a ring of poison resistance (right hand)
Scrolls
 g - a scroll of fear
Potions
 c - 3 potions of mutation
 d - a potion of lignification
 e - a potion of heal wounds
 f - 2 potions of curing
 i - 2 potions of might
 k - a potion of ambrosia {unknown}


   Skills:
 + Level 5.1 Fighting
 * Level 4.5 Maces & Flails
 * Level 2.9 Armour
 - Level 2.6 Dodging
 * Level 2.6 Evocations


You had 5 spell levels left.
You didn't know any spells.
Your spell library was empty.

Dungeon Overview and Level Annotations

Branches:
Dungeon (4/15)
 Temple: D:4-7

Altars:


Innate Abilities, Weirdness & Mutations

You are too large for most types of armour.
You have a pair of small horns on your head.
You have tough skin. (AC +1)
You gain doubled healing and magic from potions.
Whenever you drink a healing potion, you attack all around you.


Message History

The yak is lightly wounded.
The yak gores you! The goblin hits you with a +0 dagger.
You are too injured to fight recklessly!
You are too injured to fight recklessly!
You are too injured to fight recklessly!
You are too injured to fight recklessly!
You are too injured to fight recklessly!
You are too injured to fight recklessly!
You are too injured to fight recklessly!
You are too injured to fight recklessly!
You are too injured to fight recklessly!
You are too injured to fight recklessly!
You are too injured to fight recklessly!
You are too injured to fight recklessly!
You are too injured to fight recklessly!
You are too injured to fight recklessly!
You are too injured to fight recklessly!
You are too injured to fight recklessly!
You are too injured to fight recklessly!
You are too injured to fight recklessly!
Unknown command.
The hobgoblin no longer looks unusually strong.
The yak attacks as it pursues you! The yak gores you but does no damage.
The goblin hits you with a +0 dagger. The hobgoblin hits you.
The goblin hits you with a +0 dagger.
The goblin no longer looks unusually strong.
The goblin attacks as it pursues you! The goblin hits you but does no damage.
The goblin no longer looks unusually strong.
The hobgoblin attacks as it pursues you!
The hobgoblin hits you. The yak attacks as it pursues you! The yak gores you!
* * * LOW HITPOINT WARNING * * *
The hobgoblin attacks as it pursues you!
The hobgoblin barely misses you.
Okay, then.
There is a stone staircase leading up here.
Okay, then.
Okay, then.
The yak gores you!
You die...

########### #.........#
$# #.........# ####.#
###..>......# #.....#
#...<.......# #....#
#...........# ##....#
#....@......###.....#
#>....Yg............#
#....##S............#
#.#.[..l......รท.....##
..............)........
......###)g........###.#
...... #..........###..
..##. ##.....g.........
#.............###


You could see a yak, an iguana, an adder, a hobgoblin and 2 goblins.

Vanquished Creatures
  A phantom (D:4)
  2 scorpions
  Terence (D:2)
  Robin (D:4)
  4 gnolls (D:2)
  2 adders
  4 dart slugs
  4 bats
  5 endoplasms
  3 giant cockroaches (D:1)
  5 goblins
  6 hobgoblins
  4 jackals
  2 quokkas (D:1)
  7 ball pythons
  7 frilled lizards
  12 kobolds
  5 rats
75 creatures vanquished.

Notes
Turn   | Place    | Note
-------+----------+-------------------------------------------
     0 | D:1      | Gadfly the Oni Berserker began the quest for the Orb.
     0 | D:1      | Reached XP level 1. HP: 24/24 MP: 1/1
   138 | D:1      | Reached XP level 2. HP: 14/32 MP: 2/2
   486 | D:1      | Reached skill level 1 in Armour
   486 | D:1      | Reached skill level 1 in Evocations
   486 | D:1      | Reached XP level 3. HP: 38/39 MP: 3/3
   759 | D:1      | Reached ** piety under Trog
   995 | D:2      | Found a faded altar of an unknown god.
  1232 | D:2      | You fall into a shaft and drop 2 floors!
  1583 | D:2      | HP: 3/60 [poisoned by an adder]
  1585 | D:2      | Reached XP level 4. HP: 2/49 MP: 4/4
  1920 | D:2      | Noticed Terence
  1930 | D:2      | Killed Terence
  1931 | D:2      | Reached XP level 5. HP: 24/55 MP: 5/5
  2961 | D:4      | Noticed a phantom
  2974 | D:4      | Killed a phantom
  2997 | D:3      | Reached skill level 5 in Fighting
  2997 | D:3      | Reached XP level 6. HP: 11/66 MP: 6/6
  3001 | D:3      | HP: 3/66 [poisoned by a scorpion]
  3209 | D:4      | Noticed Robin
  3215 | D:4      | Noticed a yak
  3221 | D:4      | Killed Robin
  3238 | D:4      | Slain by a yak

Illustrated notes

Levels and vault maps discovered:
D:1:      lightli_arrival_quake, layout_basic, minmay_pentomino_x4
D:2:      layout_basic, hellmonk_ecumenical_altar_slurped_away,
          minmay_misc_feat_room, minmay_misc_feat_pillars,
          nicolae_twisty_statue_hallways, uniq_terence
D:3:      layout_basic, minmay_liquid_box
D:4:      layout_rooms, minmay_diced_spiral, uniq_robin, uniq_grinder

Skill      XL: |  1  2  3  4  5 |
---------------+----------------+-----
Armour         | 1 2 |  2.9
Evocations     | 1 2 |  2.6
Maces & Flails | 4 |  4.5
Fighting       | 5 |  5.1
Dodging        | |  2.6

Action                     |  1- 3 |  4- 6 || total
---------------------------+-------+-------++-------
  Melee: Mace              |   112 |    92 ||   204
         Headbutt          |    11 |     9 ||    20
         Punch             |     2 |       ||     2
 Invoke: Berserk           |     1 |     1 ||     2
    Use: Scroll            |     3 |     5 ||     8
         Potion            |     3 |     2 ||     5
   Stab: Sleeping          |       |     1 ||     1
 Armour: Animal skin       |    86 |    78 ||   164
  Dodge: Dodged            |    73 |    53 ||   126
